 Dungeon Crawl Stone Soup version 0.29-a0-330-g52719c12eb (webtiles) character file.

Game seed: 2920448626675398851

70 kae the Firebug (level 3, -3/26 HPs)
             Began as a Demigod Fire Elementalist on May 1, 2022.
             Slain by Terence
             ... wielding a +0 mace
              (6 damage)
             ... on level 2 of the Dungeon.
             The game lasted 00:01:28 (2017 turns).

kae the Firebug (Demigod Fire Elementalist)         Turns: 2017, Time: 00:01:28

Health: -3/26      AC:  3    Str:  7 (9)  XL:     3   Next: 76%
Magic:  4/9        EV: 12    Int: 26 (27) God:
Gold:   60         SH:  0    Dex: 13 (14) Spells: 1/7 levels left

rFire   . . .      SeeInvis .   (no weapon)
rCold   . . .      Faith    .   (no shield)
rNeg    . . .      Spirit   .   a - +0 robe
rPois   .          Reflect  .   d - +0 helmet
rElec   .          Harm     .   (no cloak)
rCorr   .          Rampage  .   (no gloves)
Will    .....                   (no boots)
Stlth   ++........              h - amulet of regeneration
HPRegen 0.88/turn               g - +6 ring of intelligence
MPRegen 0.11/turn               (no ring)

@: lethally poisoned (-3 -> -4)
A: high MP 1, forlorn, divine attributes
a: no special abilities


You were on level 2 of the Dungeon.
You visited 1 branch of the dungeon, and saw 2 of its levels.

You collected 60 gold pieces.

Inventory:

Armour
 a - a +0 robe (worn)
 d - a +0 helmet (worn)
Jewellery
 g - a +6 ring of intelligence (left hand)
 h - an amulet of regeneration (around neck)
Potions
 c - a potion of flight


   Skills:
 - Level 1.7 Dodging
 - Level 1.7 Stealth
 + Level 2.5 Spellcasting
 + Level 2.1 Conjurations
 + Level 3.3 Fire Magic


You had one spell level left.
You knew the following spells:

 Your Spells              Type           Power      Damage    Failure   Level
a - Foxfire               Conj/Fire      68%        2x1d7     3%          1
b - Scorch                Fire           40%        2d7       3%          2
c - Conjure Flame         Conj/Fire      17%        6-21      10%         3

Your spell library contained the following spells:

 Spells                   Type           Power      Damage    Failure   Level
 Passwall                 Tmut/Erth      2%         N/A       16%         2
 Inner Flame              Hex/Fire       12%        N/A       16%         3
 Dazzling Flash           Conj/Hex       16%        N/A       19%         3
 Flame Wave               Conj/Fire      17%        2d6       32%         4
 Iskenderun's Mystic Bla  Conj/Tloc      8%         2d4       54%         4
 Starburst                Conj/Fire      8%         6d4       99%         6
 Dragon Form              Tmut           1%         N/A       100%        7
 Necromutation            Tmut/Necr      1%         N/A       100%        8


Dungeon Overview and Level Annotations

Branches:
Dungeon (2/15)

Annotations:
D:2 Terence


Innate Abilities, Weirdness & Mutations

You have an increased reservoir of magic. (+10% MP)
You shall have no god before yourself.
Your divine heritage dramatically boosts your attributes as you level up.


Message History

You conjure some foxfire!
You feel sick. The adder closely misses you.
You feel sick.
The foxfire hits the adder.
The adder is almost dead.
The foxfire hits the adder but does no damage.
The adder is almost dead.
Terence bares his teeth.
The adder bites you.
You are more poisoned.
The adder poisons you! The adder barely misses you.
You hit the adder.
You kill the adder!
You feel very sick.
Casting: Foxfire (safe; 3% risk of failure)
Confirm with . or Enter, or press ? or * to list all spells.
You don't have enough magic to cast this spell.
Magic courses through your body.
You feel sick. Terence completely misses you. x2
Casting: Foxfire (safe; 3% risk of failure)
Confirm with . or Enter, or press ? or * to list all spells.
Flames lash the jackal.
You kill the jackal!
You feel sick. Terence barely misses you.
You feel sick. Terence hits you with a +0 mace.
* * * LOW HITPOINT WARNING * * *
Terence misses you.
Casting: Scorch (safe; 3% risk of failure)
Confirm with . or Enter, or press ? or * to list all spells.
Flames lash Terence.
Terence is moderately wounded.
Terence's fire resistance burns away.
You feel sick. Terence screams, "I want your blood!"
Terence closely misses you.
You feel sick. Terence hits you with a +0 mace.
* * * LOW HITPOINT WARNING * * *
Terence misses you.
Casting: Scorch (safe; 3% risk of failure)
Confirm with . or Enter, or press ? or * to list all spells.
Flames lash the jackal but do no damage.
You feel sick. Terence barely misses you.
You feel sick. Terence closely misses you. Terence hits you with a +0 mace.
You die...

#................#
#.[..........#####
#............#######
.............[.....#
........##.........#
.###....##.........#
#....##.........#
###..##.........#
#..@#.........#
###@#.........#
#h#.........# ###.#
.... #...# .....
###...#......
#......hh....
#....########
.....###


You could see Terence (fast, combustible) and a jackal.

Vanquished Creatures
  2 adders (D:2)
  A gnoll (D:1)
  A worm (D:2)
  5 orcs (D:2)
  2 ball pythons (D:1)
  3 endoplasms (D:1)
  5 goblins
  2 hobgoblins (D:1)
  A jackal (D:2)
  2 quokkas
  A bat (D:1)
  A frilled lizard (D:1)
  2 kobolds (D:2)
  6 rats
34 creatures vanquished.

Vanquished Creatures (others)
  131 foxfires
131 creatures vanquished.

Grand Total: 165 creatures vanquished

Notes
Turn   | Place    | Note
-------+----------+-------------------------------------------
     0 | D:1      | kae the Demigod Fire Elementalist began the quest for the
                  | Orb.
     0 | D:1      | Reached XP level 1. HP: 14/14 MP: 5/5
    62 | D:1      | Reached skill level 1 in Conjurations
   599 | D:1      | Reached XP level 2. HP: 20/20 MP: 5/7
   602 | D:1      | Learned a level 2 spell: Scorch
   941 | D:1      | Reached skill level 3 in Fire Magic
  1142 | D:1      | Got the Incunabulum of Transmigration and the Arsonist
  1616 | D:2      | Reached XP level 3. HP: 26/26 MP: 5/9
  1620 | D:2      | Learned a level 3 spell: Conjure Flame
  1986 | D:2      | Noticed Terence
  2017 | D:2      | Slain by Terence

Illustrated notes

Levels and vault maps discovered:
D:1:      zelgadis_glass_arrival_small, layout_basic,
          chequers_ecumenical_altar_island, hangedman_decor_clover_reticule
D:2:      layout_basic, chequers_avenue, minivault_26, minmay_quantized,
          uniq_terence

Skill      XL: |  1  2  3 |
---------------+----------+-----
Conjurations   | 1 2 |  2.1
Spellcasting   | 2 |  2.5
Fire Magic     | 3 |  3.3
Dodging        | |  1.7
Stealth        | |  1.7

Action                   || total
-------------------------++-------
Melee: Unarmed           ||     8
 Cast: Foxfire           ||    80
       Scorch            ||     5
       Conjure Flame     ||     2
  Use: Scroll            ||     5
       Potion            ||     2
Armor: Robe              ||     8
Dodge: Dodged            ||    33

Table legend: (Time is in decaauts)
 A = Elapsed time spent in this place.
 B = Non-inter-level travel time spent in this place.
 C = Inter-level travel time spent in this place.
 D = Time resting spent in this place.
 E = Time spent auto-exploring this place.
 F = Levels seen in this place.
 G = Mean time per level.
                   A        B        C        D        E       F      G
               +--------+--------+--------+--------+--------+-----+--------+
         Total |   2019 |   2012 |      7 |      0 |   1728 |   2 | 1009.5 |
       Dungeon |   2019 |   2012 |      7 |      0 |   1728 |   2 | 1009.5 |
               +--------+--------+--------+--------+--------+-----+--------+

Top non-repeatable levels by time:
     D:1: 1421 daAuts
     D:2: 598 daAuts
